 Dungeon Crawl Stone Soup version 0.28-a0-919-g0b5b508569 (webtiles) character file.

Game seed: 12386258712758735489

3175 siradein the Eye of the Storm (level 9, -11/71 HPs)
             Began as a Demonspawn Fighter on Nov 25, 2021.
             Was a Priest of Qazlal.
             Mangled by a two-headed ogre (12 damage)
             ... on level 8 of the Dungeon.
             The game lasted 00:10:07 (8858 turns).

siradein the Eye of the Storm (Demonspawn Fighter)  Turns: 8858, Time: 00:10:07

Health: -11/71     AC: 14    Str: 18    XL:     9   Next: 63%
Magic:  13/13      EV:  7    Int: 10    God:    Qazlal [***...]
Gold:   560        SH:  9    Dex: 14    Spells: 8/8 levels left

rFire   . . .      SeeInvis .   D - +6 spear "Zegesi" {vorpal, rElec}
rCold   . . .      Faith    .   c - +0 buckler
rNeg    . . .      Spirit   .   H - +0 chain mail
rPois   +          Reflect  .   (no helmet)
rElec   +          Harm     .   (no cloak)
rCorr   .          Rampage  .   (no gloves)
Will    .....                   x - +0 pair of boots
Stlth   ..........              (no amulet)
HPRegen 0.21/turn               L - ring of flight
MPRegen 0.26/turn               l - ring of poison resistance

@: flying
A: claws 2, thin metallic scales 2, spiny 1, magic regeneration
a: Renounce Religion, Upheaval, Elemental Force


You were on level 8 of the Dungeon.
You worshipped Qazlal.
Qazlal was most pleased with you.
You visited 2 branches of the dungeon, and saw 9 of its levels.
You also visited: Ossuary.

You collected 560 gold pieces.

Inventory:

Hand Weapons
 a - a +0 war axe
 D - the +6 spear "Zegesi" (weapon) {vorpal, rElec}
   (You found it on level 5 of the Dungeon)

   It inflicts extra damage upon your enemies.
   rElec:     It insulates you from electricity.
Missiles
 u - 14 poisoned darts (quivered)
 E - 2 throwing nets
Armour
 c - a +0 buckler (worn)
 x - a +0 pair of boots (worn)
 H - a +0 chain mail (worn)
Jewellery
 g - a ring of see invisible
 i - a ring of wizardry
 k - a ring of protection from cold
 l - a ring of poison resistance (right claw)
 p - a ring of willpower
 G - a ring of wizardry
 L - a ring of flight (left claw)
Wands
 s - a wand of acid (11)
 C - a wand of digging (3)
 I - a wand of mindburst (13)
 M - a wand of iceblast (8)
 N - a wand of charming (10)
Scrolls
 b - a scroll of immolation {unknown}
 e - 4 scrolls of teleportation {unknown}
 f - 9 scrolls of identify {unknown}
 h - 2 scrolls of noise {unknown}
 r - 2 scrolls of fear {unknown}
 v - a scroll of blinking {unknown}
 w - a scroll of enchant armour {unknown}
 y - 2 scrolls of magic mapping {unknown}
 J - a scroll of enchant weapon {unknown}
 O - a scroll of torment {unknown}
Potions
 d - 2 potions of might
 j - a potion of magic {unknown}
 m - 2 potions of haste {unknown}
 n - a potion of berserk rage {unknown}
 o - 4 potions of mutation {unknown}
 q - 2 potions of curing {unknown}
 t - 2 potions of attraction {unknown}
 z - 3 potions of brilliance {unknown}
 A - 2 potions of heal wounds
 B - 2 potions of ambrosia {unknown}
 F - a potion of cancellation {unknown}
 K - a potion of lignification {unknown}
 P - a potion of degeneration {unknown}


   Skills:
 + Level 6.4 Fighting
 + Level 5.6 Axes
 + Level 6.0 Armour
 + Level 5.7 Shields
 + Level 6.4 Invocations
 + Level 5.0 Evocations


You had 8 spell levels left.
You didn't know any spells.
Your spell library contained the following spells:

 Spells                   Type           Power      Damage    Failure   Level
 Shock                    Conj/Air       0%         1d3       99%         1
 Summon Small Mammal      Summ           0%         N/A       99%         1
 Ensorcelled Hibernation  Hex/Ice        0%         N/A       99%         2
 Call Canine Familiar     Summ           0%         N/A       100%        3
 Summon Guardian Golem    Hex/Summ       0%         N/A       100%        3
 Swiftness                Air            0%         N/A       100%        3
 Tukima's Dance           Hex            0%         N/A       100%        3
 Airstrike                Air            0%         N/A       100%        4
 Iskenderun's Battlesphe  Conj           0%         2d6       100%        5
 Iron Shot                Conj/Erth      0%         9d1       100%        6
 Orb of Destruction       Conj           0%         N/A       100%        7
 Spellforged Servitor     Conj/Summ      0%         N/A       100%        7


Dungeon Overview and Level Annotations

Branches:
Dungeon (8/15)             Temple (1/1) D:4         Ossuary (visited)
   Lair: D:8-11

Altars:
Ashenzari
Cheibriados
Dithmenos
Elyvilon
Fedhas
Gozag
Kikubaaqudgha
Makhleb
Nemelex Xobeh
Okawaru
Qazlal
Ru
Uskayaw
Vehumet
Wu Jian
Xom
Yredelemnul
The Shining One


Innate Abilities, Weirdness & Mutations

You have very sharp fingernails.
You are mostly covered in thin metallic scales. (AC +3)
You are partially covered in sharp spines.
You regenerate magic rapidly.


Message History

The two-headed ogre is struck by your spines.
The two-headed ogre hits you with a +0 giant club.
You block the two-headed ogre's attack.
You puncture the two-headed ogre!
The two-headed ogre is moderately wounded.
You hit the two-headed ogre.
The two-headed ogre is heavily wounded.
You block the two-headed ogre's attack. The two-headed ogre barely misses you.
Your chain mail prevents you from hitting the two-headed ogre.
The two-headed ogre is heavily wounded.
The two-headed ogre hits you with a +0 giant club!!
The two-headed ogre hits you with a +0 giant club.
You puncture the two-headed ogre!
The two-headed ogre is severely wounded.
Throw: 17 darts (poison)
Press: ? - help, Q - select action, (/) - cycle Shift-Dir - straight line, f/p - two-headed ogre
Aim: a two-headed ogre, wielding two +0 giant clubs (severely wounded, 75% to hit)
You throw a poisoned dart.
The poisoned dart hits the two-headed ogre.
The two-headed ogre is severely wounded.
The two-headed ogre hits you with a +0 giant club!
The two-headed ogre hits you but does no damage.
Throw: 16 darts (poison)
Press: ? - help, Q - select action, (/) - cycle Shift-Dir - straight line, f/p - two-headed ogre
Aim: a two-headed ogre, wielding two +0 giant clubs (severely wounded, 75% to hit)
You throw a poisoned dart.
The poisoned dart barely misses the two-headed ogre.
The two-headed ogre is struck by your spines.
The two-headed ogre hits you with a +0 giant club.
The two-headed ogre hits you but does no damage.
Throw: 15 darts (poison)
Press: ? - help, Q - select action, (/) - cycle Shift-Dir - straight line, f/p - two-headed ogre
Aim: a two-headed ogre, wielding two +0 giant clubs (severely wounded, 75% to hit)
You throw a poisoned dart.
The poisoned dart completely misses the two-headed ogre.
The two-headed ogre is struck by your spines.
The two-headed ogre hits you with a +0 giant club!!
* * * LOW HITPOINT WARNING * * *
The two-headed ogre hits you with a +0 giant club!
You die...

######### #.......# #.......#
#.......#
##############.......#
########(((....O@...........#
...<(....############....>..#
########## #.......# #
#..>....# ## ##..#####...
.### ##..## ...###
#..#......# .....######
###.##.#...## #..#......###
#......# #...


You could see a two-headed ogre.

Vanquished Creatures
  A kobold demonologist (D:8)
  Sigmund (D:5)
  A steam dragon (D:6)
  2 water moccasins
  2 necrophages
  6 ogres
  3 bullfrogs (D:7)
  2 scorpions
  A troll zombie (Ossuary)
  2 howler monkeys
  2 bullfrog zombies
  3 centaur zombies
  3 gnoll shamans (D:6)
  2 jellies
  An orc priest (D:8)
  2 bullfrog skeletons
  3 hounds
  5 iguanas
  2 orc wizards
  2 killer bee zombies
  2 ogre zombies (Ossuary)
  7 mummies (Ossuary)
  A howler monkey zombie (D:5)
  28 gnolls
  A howler monkey skeleton (D:6)
  3 adders
  A shadow imp (D:6)
  A white imp (D:8)
  An adder skeleton (D:4)
  5 adder zombies (Ossuary)
  2 worms
  2 dart slugs
  25 orcs
  5 ball pythons
  4 endoplasms
  3 giant cockroaches
  5 hobgoblins
  3 jackals (D:1)
  11 kobolds
  5 quokkas
  3 bats
  2 frilled lizards
  6 goblins
  5 goblin zombies (Ossuary)
  6 hobgoblin zombies (Ossuary)
  A kobold zombie (Ossuary)
  5 quokka zombies (Ossuary)
  7 rats
  3 rat zombies (Ossuary)
199 creatures vanquished.

Vanquished Creatures (others)
  An orc (D:6)
1 creature vanquished.

Grand Total: 200 creatures vanquished

Notes
Turn   | Place    | Note
-------+----------+-------------------------------------------
     0 | D:1      | siradein the Demonspawn Fighter began the quest for the
                  | Orb.
     0 | D:1      | Reached XP level 1. HP: 18/18 MP: 1/1
   234 | D:1      | Gained mutation: You are partially covered in sharp spines.
                  | [demonic ancestry]
   234 | D:1      | Reached XP level 2. HP: 24/24 MP: 2/2
   282 | D:1      | Found a faded altar of an unknown god.
   978 | D:2      | Reached XP level 3. HP: 28/29 MP: 3/3
  1856 | D:3      | Found an ancient bone altar of Kikubaaqudgha.
  1857 | D:3      | Gained mutation: You regenerate magic rapidly. [demonic
                  | ancestry]
  1857 | D:3      | Reached XP level 4. HP: 35/35 MP: 4/4
  2023 | D:3      | Found a hide-covered altar of Uskayaw.
  2406 | D:3      | Found a sparkling altar of Nemelex Xobeh.
  2704 | D:4      | Found a staircase to the Ecumenical Temple.
  2716 | Temple   | Entered the Ecumenical Temple
  2925 | Temple   | Became a worshipper of Qazlal Stormbringer
  2969 | D:4      | Noticed a scorpion
  2974 | D:4      | Killed a scorpion
  2975 | D:4      | Reached skill level 1 in Invocations
  2975 | D:4      | Gained mutation: You have sharp fingernails. [demonic
                  | ancestry]
  2975 | D:4      | Reached XP level 5. HP: 42/42 MP: 5/5
  3171 | D:4      | Reached skill level 1 in Evocations
  3483 | D:4      | Gained mutation: You have very sharp fingernails. [demonic
                  | ancestry]
  3483 | D:4      | Reached XP level 6. HP: 45/48 MP: 7/7
  3988 | D:5      | Entered Level 5 of the Dungeon
  4137 | D:5      | Found a sand-covered staircase.
  4147 | Ossuary  | Entered an ossuary
  4424 | Ossuary  | Reached * piety under Qazlal
  4434 | Ossuary  | Gained mutation: You are partially covered in thin metallic
                  | scales. (AC +2) [demonic ancestry]
  4434 | Ossuary  | Reached XP level 7. HP: 51/55 MP: 8/8
  5139 | D:5      | Noticed Sigmund
  5176 | D:5      | Killed Sigmund
  5176 | D:5      | Reached ** piety under Qazlal
  5177 | D:5      | Reached skill level 5 in Fighting
  5177 | D:5      | Gained mutation: You are mostly covered in thin metallic
                  | scales. (AC +3) [demonic ancestry]
  5177 | D:5      | Reached XP level 8. HP: 30/62 MP: 10/10
  5875 | D:5      | Identified the +6 spear "Zegesi" {vorpal, rElec}
  6249 | D:6      | Reached skill level 5 in Armour
  6792 | D:6      | Reached skill level 5 in Invocations
  6798 | D:6      | Reached skill level 5 in Shields
  7485 | D:7      | Reached XP level 9. HP: 69/69 MP: 11/13
  7533 | D:7      | Reached skill level 5 in Axes
  7609 | D:7      | Reached *** piety under Qazlal
  8188 | D:7      | Found a snail-covered altar of Cheibriados.
  8274 | D:7      | Found an ornate altar of the Wu Jian Council.
  8467 | D:8      | Found a sacrificial altar of Ru.
  8663 | D:8      | Noticed a kobold demonologist
  8677 | D:8      | Noticed a rust devil
  8678 | D:8      | Killed a kobold demonologist
  8693 | D:8      | Found a shimmering altar of Xom.
  8736 | D:8      | Found the +9 staff of Olgreb {rPois∞}
  8767 | D:8      | Reached skill level 5 in Evocations
  8825 | D:8      | Noticed a two-headed ogre
  8858 | D:8      | HP: 1/71 [two-headed ogre (25)]
  8858 | D:8      | Mangled by a two-headed ogre

Illustrated notes

Levels and vault maps discovered:
D:1:      minmay_arrival_wavy_path, layout_rooms, basic_ecumenical_altar,
          hangedman_decor_push, minmay_misc_feat_secret_circle, corner_web_ring,
          minivault_19, minmay_tromino_v4_b
D:2:      layout_rooms, grunt_decor_one_mirror, minmay_goblin_outpost
D:3:      layout_loops_corners, nemelex_dance_club_becter,
          kiku_gazebo_garden_becter, lemuel_tele_altar, minmay_misc_feat_doors
D:4:      layout_layer_cave, minmay_temple_entry_mist,
          amcnicky_mini_corridor_feature
D:5:      layout_loops_ring, nicolae_ossuary_entry_ruins, solitary_fountain,
          minmay_misc_feat_iff, uniq_sigmund
D:6:      layout_rooms
D:7:      minmay_inner_zag, layout_cave_pods,
          mainiacjoe_overflow_concentric_impassable, minitemple
D:8:      layout_rooms, nicolae_ru_great_annihilating_truth,
          mainiacjoe_overflow_catwalk, minmay_guarded_unrand_staff_of_olgreb
Temple:   eino_temple_lava

Skill      XL: |  1  2  3  4  5  6  7  8  9 |
---------------+----------------------------+-----
Axes           | 2 3 4 5 |  5.6
Armour         | 3 4 5 6 |  6.0
Shields        | 3 4 5 |  5.7
Invocations    | 1 2 3 5 6 |  6.4
Fighting       | 4 5 6 |  6.4
Evocations     | 1 2 4 5 |  5.0

Action                   |  1- 3 |  4- 6 |  7- 9 || total
-------------------------+-------+-------+-------++-------
Melee: War axe           |    72 |   121 |   132 ||   325
       Spear             |       |       |   222 ||   222
Throw: Dart              |       |     2 |    10 ||    12
Armor: Scale mail        |    33 |    36 |    58 ||   127
       Chain mail        |       |       |    23 ||    23
Dodge: Dodged            |    32 |    42 |    86 ||   160
Block: Buckler           |    13 |    21 |   111 ||   145

Table legend: (Time is in decaauts)
 A = Elapsed time spent in this place.
 B = Non-inter-level travel time spent in this place.
 C = Inter-level travel time spent in this place.
 D = Time resting spent in this place.
 E = Time spent auto-exploring this place.
 F = Levels seen in this place.
 G = Mean time per level.
                   A        B        C        D        E       F      G
               +--------+--------+--------+--------+--------+-----+--------+
         Total |   8956 |   8696 |    260 |      3 |   7178 |  10 |  895.6 |
       Dungeon |   7835 |   7575 |    260 |      3 |   6309 |   8 |  979.4 |
        Temple |    222 |    222 |      0 |      0 |    193 |   1 |  222.0 |
       Ossuary |    899 |    899 |      0 |      0 |    676 |   1 |  899.0 |
               +--------+--------+--------+--------+--------+-----+--------+

Top non-repeatable levels by time:
     D:6: 1376 daAuts
     D:5: 1271 daAuts
     D:3: 1150 daAuts
     D:4: 1126 daAuts
     D:7: 957 daAuts
 Ossuary: 899 daAuts
     D:2: 776 daAuts
     D:1: 763 daAuts
     D:8: 413 daAuts
  Temple: 222 daAuts
